AoeStats
← Iguano Pop

MegaRandom

505813948Analyzed
1v1 RM · 22d ago on Sep 11, 2026· 49m 38s· 2 players
Game mode
Random Map
Map size
Tiny (2 player)
Population
200
Speed
Normal
Resources
Standard
Victory
Conquest
Starting age
Dark Age
Ending age
Imperial Age
RankedLock teamsTeams togetherTeam positionsShared explorationLock speedFull tech treeHidden civsTurbo modeCheats
Victory
Defeat
🇺🇸 Vikings · United States
1340
+15
🇲🇽 Aztecs · Mexico
1309
-15
Iguano Pop
3:15 Loom
12:34 Feudal Age
12:43 Man-at-Arms
16:47 Fletching
17:41 Town Watch
19:11 Double-Bit Axe
23:15 Padded Archer Armor
25:18 Castle Age
25:23 Crossbowman
28:44 Bodkin Arrow
36:42 Imperial Age
42:35 Elite Skirmisher
45:35 Wheelbarrow
49:34 Conscription
49:27 Scale Mail Armor
Outback_Wizard
7:07 Loom
13:16 Feudal Age
14:34 Fletching
18:50 Castle Age
17:12 Forging
17:08 Scale Barding Armor
16:57 Horse Collar
17:07 Double-Bit Axe
16:57 Man-at-Arms
18:33 Scale Mail Armor
19:08 Long Swordsman
24:58 Arson
28:00 Heavy Plow
27:48 Town Watch
29:42 Squires
29:27 Gambesons
31:18 Bow Saw
37:31 Imperial Age
35:57 Elite Skirmisher
37:30 Bodkin Arrow
37:35 Padded Archer Armor
39:03 Bracer
39:40 Ballistics
40:48 Leather Archer Armor
41:31 Masonry
42:21 Ring Archer Armor
43:02 Hoardings
42:56 Gold Mining
43:42 Crop Rotation
45:16 Gold Shaft Mining
45:17 Chain Mail Armor
45:38 Iron Casting
46:15 Conscription
47:54 Chemistry
47:35 Two-Handed Swordsman
49:08 Plate Mail Armor
49:38 Blast Furnace
48:16 Champion
Connection lost

Rejoining the realm…

Still unreachable

The connection could not be restored.

Session expired

The server has moved on; the page needs a fresh start.